 Dungeon Crawl Stone Soup version 0.19.5 (webtiles) character file.

816 Monsterracer the Cudgeler (level 7, -5/61 HPs)
             Began as a Deep Dwarf Fighter on Apr 10, 2017.
             Was an Initiate of Makhleb.
             Killed by nerve-wracking pain
             ... invoked by an orc priest
              (10 damage)
             ... on level 4 of the Dungeon on Apr 11, 2017.
             The game lasted 00:19:43 (4421 turns).

Monsterracer the Cudgeler (Deep Dwarf Fighter)      Turns: 4421, Time: 00:19:44

Health: -5/61      AC: 13    Str: 20    XL:     7   Next: 62%
Magic:  11/11      EV:  3    Int:  8    God:    Makhleb [......]
Gold:   230        SH: 14    Dex: 14    Spells: 2 memorised, 4 levels left

rFire  . . .     SeeInvis +     x - +0 morningstar
rCold  . . .     Gourm    .     v - +0 chain mail
rNeg   . . .     Faith    .     r - +0 large shield
rPois  .         Spirit   .     p - +0 helmet
rElec  .         Reflect  .     d - +0 cloak
rCorr  .         Harm     .     l - +1 pair of gloves
MR     +....                    (no boots)
Stlth  ..........               (no amulet)
                                (no ring)
                                o - ring of see invisible

@: lethally poisoned (-5 -> -5), non-regenerating
A: damage resistance, recharge devices, sense surroundings 1, slow regeneration
3
a: Device Recharging, Renounce Religion


You were on level 4 of the Dungeon.
You worshipped Makhleb.
Makhleb was noncommittal.
You were not hungry.

You visited 2 branches of the dungeon, and saw 6 of its levels.

You collected 230 gold pieces.

Inventory:

Hand Weapons
 x - a +0 morningstar (weapon)
Armour
 c - a +0 shield
 d - a +0 cloak (worn)
 l - a +1 pair of gloves (worn)
 p - a +0 helmet (worn)
 r - a +0 large shield (worn)
 v - a +0 chain mail (worn)
Jewellery
 g - an uncursed ring of fire
 o - a ring of see invisible (left hand)
Wands
 a - a wand of confusion (7/48)
 e - a wand of heal wounds (1/9)
Scrolls
 i - 2 scrolls of teleportation
 j - 4 scrolls of identify
 k - 2 scrolls of recharging
 n - a scroll of enchant armour
 s - 2 scrolls of remove curse
 t - a scroll of amnesia
Potions
 q - 4 potions of curing
Books
 h - a book of Necromancy

   Spells                             Type                      Level
   a - Pain                           Necromancy                   1
   b - Animate Skeleton               Necromancy                   1
   c - Vampiric Draining              Necromancy                   3
   d - Regeneration                   Charms/Necromancy            3
   e - Animate Dead                   Necromancy                   4
   f - Control Undead                 Necromancy                   4
Comestibles
 f - 4 bread rations
 m - 6 fruits


   Skills:
 - Level 2.6 Fighting
 * Level 7.4 Maces & Flails
 - Level 3.2 Armour
 - Level 3.2 Shields
 + Level 6.0 Evocations


You had 4 spell levels left.
You knew the following spells:

 Your Spells              Type           Power        Failure   Level  Hunger
a - Animate Skeleton      Necr           N/A          100%        1    ##.....
b - Beastly Appendage     Tmut           #.....       100%        1    ##.....


Dungeon Overview and Level Annotations

Branches:
Dungeon (5/15)             Temple (1/1) D:5

Altars:
Ashenzari
Dithmenos
Elyvilon
Gozag
Hepliaklqana
Kikubaaqudgha
Makhleb
Nemelex Xobeh
Okawaru
Ru
Sif Muna
Trog
Uskayaw
Vehumet
Xom
Yredelemnul
Zin
The Shining One

Shops:
D:5 *


Innate Abilities, Weirdness & Mutations

You are resistant to damage.
You can recharge devices by infusing magical energy.
You passively map a small area around you.
You do not regenerate.


Message History

The orc priest mumbles some strange prayers to Beogh against you.
Pain shoots through your body!
* * * LOW HITPOINT WARNING * * *
You are too injured to fight recklessly!
You are too injured to fight recklessly!
You are too injured to fight recklessly!
You closely miss the orc priest.
The orc priest is moderately wounded.
The orc priest seems less confused.
The orc priest barely misses you.
Your shield and chain mail prevent you from hitting the orc priest.
The orc priest is moderately wounded.
The orc priest hits you but does no damage.
The orc priest calls down the wrath of Beogh upon you.
Beogh smites you!
* * * LOW HITPOINT WARNING * * *
You hit the orc priest.
The orc priest is severely wounded.
The orc priest invokes the aid of Beogh against you.
Pain shoots through your body!
You die...

#.............# ..........##...
##.............# ♣.♣........##...
.#...÷.........###.#*#...#..(...[
.......#.##'#'#..♣.♣##...#....(.)
..............'.......P♣........[
.......♣♣♣#.#.#.......♣♣♣........
.....................♣.♣.........
#....##♣♣♣#....).....P..PP.......
................@.....P).........
.......#.##....o.o...........#...
.....#.#.##........).............
.......#.##...................###
.......#.##.#.....##..........###
...............................##
.###......#.#####'#####........##
...+......#.#...................#
####......#.'...................#


You could see 2 orc priests.

Vanquished Creatures
  Duvessa (D:4)
  An ogre (D:4)
  A scorpion (D:5)
  Dowan (D:4)
  A howler monkey (D:3)
  A centaur zombie (D:5)
  A centaur skeleton (D:4)
  A bullfrog skeleton (D:5)
  2 hounds
  2 orc priests (D:4)
  An orc wizard (D:4)
  Terence (D:3)
  2 worker ants (D:5)
  Robin (D:4)
  4 gnolls (D:3)
  An adder (D:3)
  An ooze (D:3)
  2 worms
  2 dart slugs
  5 leopard geckos
  8 orcs
  11 bats
  8 giant cockroaches
  13 goblins
  10 hobgoblins
  6 jackals (D:2)
  5 quokkas
  A ball python (D:2)
  4 frilled lizards
  2 jackal skeletons (D:4)
  7 kobolds
  8 rats
115 creatures vanquished.

Notes
Turn   | Place    | Note
-------+----------+-------------------------------------------
     0 | D:1      | Monsterracer the Deep Dwarf Fighter began the quest for the Orb.
     0 | D:1      | Reached XP level 1. HP: 20/20 MP: 1/1
   215 | D:1      | Reached skill level 1 in Evocations
   363 | D:1      | Reached XP level 2. HP: 27/27 MP: 2/2
   893 | D:2      | Reached skill level 3 in Maces & Flails
  1066 | D:2      | Reached XP level 3. HP: 28/33 MP: 4/4
  1744 | D:3      | Learned a level 1 spell: Animate Skeleton
  2025 | D:3      | Reached XP level 4. HP: 28/40 MP: 5/5
  2253 | D:3      | Noticed Terence
  2259 | D:3      | Killed Terence
  2259 | D:3      | Reached skill level 4 in Maces & Flails
  2397 | D:3      | Reached XP level 5. HP: 18/46 MP: 7/7
  2544 | D:4      | Learned a level 1 spell: Animate Skeleton
  2551 | D:4      | Noticed Robin
  2593 | D:3      | Reached skill level 5 in Maces & Flails
  2749 | D:4      | Reached XP level 6. HP: 31/55 MP: 8/8
  2944 | D:4      | Noticed Duvessa
  2945 | D:4      | Noticed Dowan
  3323 | D:4      | Killed Robin
  3366 | D:5      | Entered Level 5 of the Dungeon
  3379 | D:5      | Reached skill level 6 in Maces & Flails
  3416 | D:5      | Learned a level 1 spell: Beastly Appendage
  3430 | D:5      | Found a sparkling altar of Nemelex Xobeh.
  3438 | D:5      | Found Dehelel's General Store.
  3802 | D:5      | Reached skill level 5 in Evocations
  3802 | D:5      | Reached XP level 7. HP: 19/61 MP: 10/10
  3808 | D:5      | Found a glowing silver altar of Zin.
  3830 | D:5      | Found a staircase to the Ecumenical Temple.
  3834 | Temple   | Entered the Ecumenical Temple
  3926 | Temple   | Became a worshipper of Makhleb the Destroyer
  4154 | D:4      | Killed Dowan
  4167 | D:4      | Killed Duvessa
  4167 | D:4      | Reached skill level 7 in Maces & Flails
  4290 | D:4      | Found a shimmering altar of Xom.
  4421 | D:4      | Killed from afar by an orc priest

Skill      XL: |  1  2  3  4  5  6  7 |
---------------+----------------------+-----
Evocations     | 1 2 3 5 6 |  6.0
Maces & Flails | 3 4 5 6 7 |  7.4
Fighting       | |  2.6
Armour         | |  3.2
Shields        | |  3.2

Action                   |  1- 3 |  4- 6 |  7- 9 || total
-------------------------+-------+-------+-------++-------
Melee: Flail             |   197 |    19 |       ||   216
       Morningstar       |       |   172 |    61 ||   233
Evoke: Wand              |       |     5 |    11 ||    16
  Use: Potion            |     6 |     5 |       ||    11
       Scroll            |     6 |     8 |       ||    14
 Stab: Confused          |       |       |     4 ||     4
  Eat: Chunk             |     4 |     5 |     3 ||    12
Armor: Scale mail        |   116 |   106 |    10 ||   232
       Chain mail        |       |       |     3 ||     3
Dodge: Dodged            |    69 |    68 |     7 ||   144
Block: Shield            |   129 |   112 |     3 ||   244
       Large shield      |       |       |    19 ||    19
